 Dungeon Crawl Stone Soup version 0.30.0 (webtiles) character file.

Game seed: 12716990857498427608

231 DmienJacobRossen the Covered (level 5, 0/46 HPs)
             Began as a Minotaur Fighter on Oct 1, 2023.
             Slain by Pikel
             ... wielding a +1 whip of flaming
              (2 damage)
             ... on level 4 of the Dungeon.
             The game lasted 00:03:00 (1453 turns).

DmienJacobRossen the Covered (Minotaur Fighter)     Turns: 1453, Time: 00:03:01

Health: 0/46       AC:  9    Str: 23    XL:     5   Next: 73%
Magic:  4/4        EV: 10    Int:  5    God:
Gold:   75         SH:  4    Dex:  9    Spells: 4/4 levels left

rFire   . . .        a - +0 war axe
rCold   . . .        c - +0 buckler
rNeg    . . .        b - +0 scale mail
rPois   .            (helmet restricted)
rElec   .            (no cloak)
rCorr   .            (no gloves)
SInv    .            i - +1 pair of boots {Fly}
Will    .....        (no amulet) Stlth
                     (no ring)
HPRegen 0.27/turn    (no ring)
MPRegen 0.09/turn

%: no passive effects
@: flying
A: horns 2, retaliatory headbutt
a: no special abilities


You were on level 4 of the Dungeon.
You visited 1 branch of the dungeon, and saw 3 of its levels.

You collected 75 gold pieces.

Inventory:

Hand Weapons
 a - a +0 war axe (weapon)
Armour
 b - a +0 scale mail (worn)
 c - a +0 buckler (worn)
 i - a +1 pair of boots of flying (worn)
Scrolls
 e - a scroll of magic mapping {unknown}
 f - 4 scrolls of identify {unknown}
 g - a scroll of vulnerability {unknown}
 k - a scroll of fog {unknown}
 m - a scroll of blinking {unknown}
Potions
 d - a potion of degeneration {unknown}
 h - a potion of attraction {unknown}
 j - a potion of heal wounds {unknown}
 l - a potion of mutation {unknown}
 n - a potion of curing {unknown}


   Skills:
 + Level 4.3 Fighting
 + Level 4.7 Axes
 * Level 5.1 Armour
 * Level 1.7 Dodging
 + Level 0.2 Stealth
 * Level 4.5 Shields


You had 4 spell levels left.
You didn't know any spells.
Your spell library contained the following spells:

 Spells                   Type           Power      Damage    Failure   Level
 Vhi's Electric Charge    Tloc/Air       0%         N/A       99%         3
 Arcjolt                  Conj/Air       0%         1d10      100%        5
 Plasma Beam              Fire/Air       0%         2x1d11    100%        6


Dungeon Overview and Level Annotations

Branches:
Dungeon (2/15)

Altars:

Annotations:
D:4 Pikel


Innate Abilities, Weirdness & Mutations

You have a pair of horns on your head.
You reflexively headbutt those who attack you in melee.


Message History

A lemure comes into view.
Pikel moves out of view.
The lemure shouts!
The lemure closely misses you. You furiously retaliate!
You headbutt the lemure.
You see here a giant cockroach corpse.
The lemure hits you but does no damage.
You slash the lemure! Your headbutt misses the lemure.
The lemure is heavily wounded.
The lemure hits you but does no damage.
You closely miss the lemure. Your headbutt misses the lemure.
The lemure is heavily wounded.
You hit the lemure but do no damage. The lemure hits you.
The lemure hits you but does no damage.
You barely miss the lemure.
The lemure is heavily wounded.
You hit the lemure. The lemure closely misses you. The lemure hits you.
You slash the lemure!
The lemure is severely wounded.
You hit the lemure. You barely miss Pikel. The lemure closely misses you.
You furiously retaliate!
You headbutt the lemure. You block Pikel's attack.
The lemure barely misses you.
You closely miss the lemure. You headbutt the lemure.
You kill the lemure!
That felt strangely unrewarding.
You hit the lemure but do no damage. You completely miss Pikel.
Pikel barely misses you. The lemure misses you.
You closely miss Pikel. You hit the lemure. Pikel barely misses you.
The lemure hits you.
* * * LOW HITPOINT WARNING * * *
You hit Pikel.
Pikel is lightly wounded.
You closely miss the lemure.
Pikel hits you with a +1 whip of flaming.
* * * LOW HITPOINT WARNING * * *
Pikel burns you.
* * * LOW HITPOINT WARNING * * *
The lemure hits you.
* * * LOW HITPOINT WARNING * * *
Pikel hits you with a +1 whip of flaming.
You die...

..... .... #..# ####
#..###...# #........#
#####........#
#...'........+
#..##.†####.. #.
#[@########+## #
#5K......##..####
#...............#
#.....................+
#...5..........##....####
#..........>...##.)..##..
§.5.###..####..##..†.....
.### #### #..##........
..!.###'######


You could see Pikel and a lemure.

Vanquished Creatures
  3 lemures (D:4)
  A phantom (D:4)
  2 hounds (D:4)
  An iguana (D:4)
  2 adders (D:4)
  A worm (D:2)
  6 orcs (D:4)
  5 endoplasms
  3 giant cockroaches
  2 goblins (D:4)
  2 hobgoblins
  6 jackals
  2 quokkas (D:1)
  2 ball pythons
  4 bats
  2 frilled lizards
  3 kobolds
  4 rats
51 creatures vanquished.

Notes
Turn   | Place    | Note
-------+----------+-------------------------------------------
     0 | D:1      | DmienJacobRossen the Minotaur Fighter began the quest for
                  | the Orb.
     0 | D:1      | Reached XP level 1. HP: 19/19 MP: 0/0
   293 | D:1      | Reached XP level 2. HP: 20/27 MP: 1/1
   357 | D:1      | Reached skill level 4 in Armour
   906 | D:2      | Reached XP level 3. HP: 31/33 MP: 2/2
  1093 | D:2      | You are sucked into a shaft and drop 2 floors!
  1095 | D:4      | Identified the staff of cold "Taulyiz" {rElec rPois rF++
                  | rC+ Dex+2}
  1119 | D:4      | Reached skill level 1 in Dodging
  1119 | D:4      | Reached XP level 4. HP: 23/40 MP: 3/3
  1317 | D:4      | Reached XP level 5. HP: 31/46 MP: 4/4
  1421 | D:4      | Noticed a phantom
  1427 | D:4      | Noticed a lemure
  1428 | D:4      | Noticed a lemure
  1435 | D:4      | Killed a phantom
  1436 | D:4      | Reached skill level 5 in Armour
  1441 | D:4      | Noticed a lemure
  1442 | D:4      | Killed a lemure
  1444 | D:4      | Killed a lemure
  1444 | D:4      | Noticed Pikel
  1444 | D:4      | Noticed a lemure
  1451 | D:4      | Killed a lemure
  1453 | D:4      | HP: 2/46 [lemure[Pikel] (2)]
  1453 | D:4      | Slain by Pikel

Illustrated notes

Levels and vault maps discovered:
D:1:      mushboom_english_gardens, layout_loops_ring
D:2:      layout_basic, uniq_crazy_yiuf_cottage
D:4:      layout_gridville, grunt_decor_fettered, uniq_pikel

Skill      XL: |  1  2  3  4  5 |
---------------+----------------+-----
Armour         | 4 5 |  5.1
Shields        | 4 |  4.5
Fighting       | 4 |  4.3
Axes           | 3 4 |  4.7
Dodging        | 1 |  1.7
Stealth        | |  0.2

Action                     |  1- 3 |  4- 6 || total
---------------------------+-------+-------++-------
  Melee: War axe           |    61 |    51 ||   112
         Headbutt          |     5 |     9 ||    14
    Use: Potion            |     1 |       ||     1
 Armour: Scale mail        |    62 |    34 ||    96
  Dodge: Dodged            |    42 |    43 ||    85
  Block: Buckler           |    25 |    19 ||    44
